 Seeded DCSS version 0.30.1-4-g462c640d31 (webtiles) character file.

Game seed: 2842366465528096812 (custom seed)

3 Psyclone the Stinger (level 1, -1/11 HPs)
             Began as an Octopode Venom Mage on Sept 18, 2023.
             Slain by a quokka (4 damage)
             ... on level 2 of the Dungeon.
             The game lasted 00:00:16 (40 turns).

Psyclone the Stinger (Octopode Venom Mage)            Turns: 40, Time: 00:00:16

Health: -1/11      AC:  1    Str:  7    XL:     1   Next: 50%
Magic:  0/3        EV: 13    Int: 17    God:
Gold:   0          SH:  0    Dex: 12    Spells: 3/4 levels left

rFire   . . .        (no weapon)
rCold   . . .        (no shield)
rNeg    . . .        (helmet restricted)
rPois   .            (no amulet)
rElec   .            (no ring)
rCorr   .            (no ring)
SInv    .            (no ring)
Will    .....        (no ring)
Stlth   +++          (no ring)
HPRegen 0.21/turn    (no ring)
MPRegen 0.08/turn    (no ring)
                     (no ring)

%: no passive effects
@: very slightly contaminated
A: almost no armour, amphibious, 8 rings, camouflage 1, gelatinous body 1,
(nimble swimmer 1), tentacles
a: no special abilities


You were on level 2 of the Dungeon.
You visited 1 branch of the dungeon, and saw 2 of its levels.

Inventory:

Potions
 a - a potion of magic


   Skills:
 + Level 2.0 Dodging
 + Level 2.8 Stealth
 + Level 2.0 Spellcasting
 + Level 1.1 Transmutations
 + Level 3.7 Poison Magic


You had 3 spell levels left.
You knew the following spells:

 Your Spells              Type           Power      Damage    Failure   Level
a - Sting                 Tmut/Pois      36%        1d4       7%          1

Your spell library contained the following spells:

 Spells                   Type           Power      Damage    Failure   Level
 Poisonous Vapours        Pois/Air       16%        N/A       14%         2
 Mephitic Cloud           Conj/Pois/Air  5%         N/A       34%         3
 Olgreb's Toxic Radiance  Pois           14%        N/A       38%         4


Dungeon Overview and Level Annotations

Branches:
Dungeon (2/15) Zot: 11959

Altars:


Innate Abilities, Weirdness & Mutations

You cannot wear most types of armour.
You are amphibious.
You can wear up to eight rings at the same time.
Your skin changes colour to match your surroundings (Stealth+).
Your rubbery body absorbs attacks. (AC +1, EV +1)
((You are camouflaged when in or above water. (Stealth+)))
You have tentacles for arms and can constrict up to eight enemies at once.


Message History

The ball python constricts you.
You take 2 damage, and have 7/11 hp.
You barely miss the ball python. Your grab misses the ball python.
The ball python bites you. The ball python constricts you.
* * * LOW HITPOINT WARNING * * *
You take 4 damage, and have 3/11 hp.
MASSIVE DAMAGE!!
You tentacle-slap the ball python but do no damage.
You grab the ball python. You constrict the ball python.
The ball python bites you but does no damage.
The ball python constricts you.
* * * LOW HITPOINT WARNING * * *
You take 1 damage, and have 2/11 hp.
Casting: Sting (safe; 8% risk of failure)
Confirm with . or Enter, or press ? or * to list all spells.
Aiming: Sting (safe; 8% risk of failure)
Press: ? - help, Shift-Dir - straight line, f - ball python
Aim: a ball python (moderately wounded, constricted by you, constricting you, 100% to hit)
You miscast Sting.
You are very lightly contaminated with residual magic.
Nothing appears to happen.
You constrict the ball python.
You kill the ball python!
The quokka twitches its whiskers.
You now have 0/3 mp.
Casting: Sting (safe; 7% risk of failure)
Confirm with . or Enter, or press ? or * to list all spells.
You don't have enough magic to cast this spell.
Unknown command.
You closely miss the quokka. You grab the quokka.
Your squeeze misses the quokka.
You constrict the quokka, but do no damage.
The quokka closely misses you.
You tentacle-slap the quokka.
The quokka is lightly wounded.
You constrict the quokka, but do no damage.
The quokka bites you but does no damage.
The quokka barely misses you.
You tentacle-slap the quokka but do no damage.
The quokka is lightly wounded.
You constrict the quokka. The quokka bites you.
You die...

##<# ##.## ##.##
#..# #..# #.#.#
.#### #.##.#
......########.###..
#....r@........# ...
#.#.##......##.# ##.
##....## .# ##..##
.. #### ... .#. .###


You could see a quokka.

Vanquished Creatures
  2 hobgoblins (D:2)
  A ball python (D:2)
3 creatures vanquished.

Notes
Turn   | Place    | Note
-------+----------+-------------------------------------------
     0 | D:1      | Psyclone the Octopode Venom Mage began the quest for the
                  | Orb.
     0 | D:1      | Reached XP level 1. HP: 11/11 MP: 3/3
    40 | D:2      | Slain by a quokka

Illustrated notes

Levels and vault maps discovered:
D:1:      heliophobic_arrival_enchanted_forest, layout_rooms
D:2:      layout_loops_ring, serial_shops, shop, nicolae_square_shop, shop,
          basic_altar, shapermc_ecumenical_altar_starsandcircs,
          minmay_misc_feat_iff, kennysheep_doodads, minivault_19

Action                     || total
---------------------------++-------
  Melee: Unarmed           ||    13
         Constrict         ||     4
         Punch             ||     1
         Tentacles         ||     1
   Cast: Sting             ||     3
 Armour: Skin              ||     2
  Dodge: Dodged            ||    11
